 Dungeon Crawl Stone Soup version 0.23-a0-141-g456867d (webtiles) character file.

122 Amnesiac the Bolt Thrower (level 4, 0/32 HPs)
             Began as a Mummy Arcane Marksman on Aug 31, 2018.
             Slain by a kobold
             ... wielding a +0 short sword
              (1 damage)
             ... on level 2 of the Dungeon.
             The game lasted 00:04:22 (2752 turns).

Amnesiac the Bolt Thrower (Mummy Arcane Marksman)   Turns: 2752, Time: 00:04:23

Health: 0/32       AC:  5    Str: 13    XL:     4   Next: 78%
Magic:  6/6        EV: 10    Int: 13    God:
Gold:   128        SH:  3    Dex: 12    Spells: 2/5 levels left

rFire    x . .     SeeInvis .   b - +0 short sword
rCold    + . .     Gourm    .   i - +0 buckler {rN+}
rNeg     + + +     Faith    .   g - +0 ring mail (curse)
rPois    ∞         Spirit   .   (no helmet)
rElec    .         Reflect  .   f - -1 cloak (curse)
rCorr    .         Harm     .   (no gloves)
MR       .....                  (no boots)
Stlth    +.........             (no amulet)
HPRegen  0.10/turn              (no ring)
MPRegen  0.10/turn              (no ring)

@: no status effects
A: no food or potions, fire vulnerability, cold resistance 1, negative energy
resistance 3, torment resistance, unbreathing
a: no special abilities


You were on level 2 of the Dungeon.
You were not hungry.

You visited 1 branch of the dungeon, and saw 2 of its levels.

You collected 128 gold pieces.

Inventory:

Hand Weapons
 a - a +0 hand crossbow
 b - a +0 short sword (weapon)
Missiles
 d - 13 bolts
Armour
 f - a cursed -1 cloak (worn)
 g - a cursed +0 ring mail (worn)
 i - a +0 buckler of positive energy (worn)
Jewellery
 k - an uncursed ring of flight {unknown}
Scrolls
 c - 4 scrolls of remove curse {!r, unknown}
 e - a scroll of enchant weapon {!r, unknown}
 h - 3 scrolls of identify {!r, unknown}
 j - a scroll of fog {!r, unknown}
 l - a scroll of noise {!r, unknown}


   Skills:
 - Level 1.0 Fighting
 + Level 4.2 Crossbows
 - Level 1.5 Dodging
 - Level 1.3 Spellcasting
 - Level 2.6 Hexes


You had 2 spell levels left.
You knew the following spells:

 Your Spells              Type           Power        Failure   Level  Hunger
a - Corona                Hex            #......      32%         1    N/A
e - Slow                  Hex            #.......     45%         2    N/A

Your spell library contained the following spells:

 Spells                   Type           Power        Failure   Level  Hunger
 Inner Flame              Hex/Fire       #.......     86%         3    N/A
 Portal Projectile        Hex/Tloc       #.....       86%         3    N/A
 Cause Fear               Hex            #.........   97%         4    N/A
 Leda's Liquefaction      Hex/Erth       #.........   99%         4    N/A

Dungeon Overview and Level Annotations

Branches:
Dungeon (2/15)

Altars:


Innate Abilities, Weirdness & Mutations

You do not eat or drink.
Your flesh is vulnerable to fire.
You are immune to poison.
Your flesh is cold resistant. (rC+)
You are immune to negative energy. (rN+++)
You are immune to unholy pain and torment.
You can survive without breathing.


Message History

The adder is heavily wounded.
The adder bites you but does no damage. x2
You miss the adder.
The adder is heavily wounded.
The adder bites you but does no damage. The adder bites you.
You closely miss the adder.
The adder is heavily wounded.
The adder bites you.
You hit the adder.
You kill the adder!
You miss the quokka.
The quokka bites you but does no damage.
The quokka barely misses you.
You closely miss the quokka.
The quokka bites you but does no damage.
Your shield and ring mail prevent you from hitting the quokka.
The quokka bites you.
You closely miss the quokka. The quokka bites you. x2
* * * LOW HITPOINT WARNING * * *
You closely miss the quokka. You block the quokka's attack.
You barely miss the quokka. The quokka closely misses you.
You closely miss the quokka. The quokka bites you.
* * * LOW HITPOINT WARNING * * *
The quokka barely misses you.
You closely miss the quokka. The quokka barely misses you.
You barely miss the quokka. The quokka bites you.
* * * LOW HITPOINT WARNING * * *
You hit the quokka.
The quokka is moderately wounded.
The quokka bites you but does no damage.
The quokka bites you.
* * * LOW HITPOINT WARNING * * *
You are too injured to fight recklessly!
You hit the quokka.
The quokka is almost dead.
The quokka bites you.
* * * LOW HITPOINT WARNING * * *
You are too injured to fight recklessly!
You closely miss the quokka.
The quokka is almost dead.
The quokka barely misses you.
You miss the quokka.
The quokka is almost dead.
The quokka bites you but does no damage.
The quokka bites you.
* * * LOW HITPOINT WARNING * * *
You barely miss the quokka.
The quokka is almost dead.
The quokka closely misses you.
Your shield and ring mail prevent you from hitting the quokka.
The quokka is almost dead.
You block the quokka's attack.
You miss the quokka.
The quokka is almost dead.
The quokka closely misses you.
The quokka bites you but does no damage.
You hit the quokka but do no damage.
The quokka is severely wounded.
The quokka bites you.
* * * LOW HITPOINT WARNING * * *
You hit the quokka.
You kill the quokka!
The kobold hits you with a short sword.
You die...

######### #############
#.#...#.#.#
#<..........#
#..K).#.##
#.#########.#
#..#.#rS#.# #.# ####.#
#K #g##g.## #.# #.....
#. .. ##..# #.# #.####
#.# ..r ##K# #.# ####.#
#..##.. ##@.# #.#
#....# #..##.##..## #.#
#.##.# #..###..#.# #!#
#.##.#### #..#..#†##
#.# #.##.....
#...#.#.###.###.####..#
##.######........(....#
#........#####.......#
########## ######..#
#..#


You could see a kobold.

Vanquished Creatures
  A hound (D:2)
  An adder (D:2)
  2 oozes (D:1)
  3 dart slugs (D:1)
  A leopard gecko (D:1)
  A ball python (D:1)
  A giant cockroach (D:2)
  9 goblins
  8 hobgoblins
  7 jackals (D:1)
  5 quokkas (D:2)
  2 bats (D:1)
  4 frilled lizards
  11 kobolds
  8 rats
64 creatures vanquished.

Notes
Turn   | Place    | Note
-------+----------+-------------------------------------------
     0 | D:1      | Amnesiac the Mummy Arcane Marksman began the quest for the
                  | Orb.
     0 | D:1      | Reached XP level 1. HP: 15/15 MP: 2/2
    54 | D:1      | Reached skill level 2 in Crossbows
   186 | D:1      | Reached XP level 2. HP: 21/21 MP: 4/4
   190 | D:1      | Learned a level 2 spell: Slow
   598 | D:1      | Reached XP level 3. HP: 21/26 MP: 5/5
   636 | D:1      | Reached skill level 3 in Crossbows
  1955 | D:2      | Reached XP level 4. HP: 25/32 MP: 3/6
  2319 | D:2      | Reached skill level 4 in Crossbows
  2751 | D:2      | HP: 1/32 [quokka (3)]
  2752 | D:2      | Slain by a kobold

Vault maps used:
D:1:      mainiacjoe_arrival_reflecting_pool, minmay_unequal
D:2:      minmay_diamond_boxcup, first_ration, eino_tiny_chamber

Skill      XL: |  1  2  3  4 |
---------------+-------------+-----
Crossbows      | 2 3 4 |  4.2
Fighting       | |  1.0
Dodging        | |  1.5
Spellcasting   | |  1.3
Hexes          | |  2.6

Action                   |  1- 3 |  4- 6 || total
-------------------------+-------+-------++-------
Melee: Unarmed           |   171 |       ||   171
       Short sword       |    55 |   117 ||   172
 Fire: Hand crossbow     |    55 |       ||    55
 Cast: Corona            |     2 |     7 ||     9
Armor: Robe              |     5 |       ||     5
       Ring mail         |    97 |    48 ||   145
Dodge: Dodged            |   168 |    43 ||   211
Block: Buckler           |    13 |    10 ||    23

Table legend:
 A = Non-vault XP
 B = Vault XP
 C = Vault XP percentage of total XP
 D = Non-vault monster count
 E = Vault monster count
 F = Vault count percentage of total count
                 A         B        C        D         E       F
            +---------+---------+-------+---------+---------+-------
      Total |     148 |      27 |  15.4 |      55 |       9 |  14.1
            +---------+---------+-------+---------+---------+-------
        D:1 |      81 |       5 |   5.8 |      39 |       3 |   7.1
        D:2 |      67 |      22 |  24.7 |      16 |       6 |  27.3
            +---------+---------+-------+---------+---------+-------
